 Dungeon Crawl Stone Soup version 0.29-a0-648-g6b26cc9f40 (webtiles) character file.

Game seed: 7945063164165307224

31 omnomnOMINOUS the Gusty (level 3, 0/23 HPs)
             Began as an Octopode Wanderer on June 20, 2022.
             Was an Initiate of Ashenzari.
             Slain by a goblin
             ... wielding a +0 club
             ... led by Robin
              (1 damage)
             ... on level 1 of the Dungeon.
             The game lasted 00:03:06 (1272 turns).

omnomnOMINOUS the Gusty (Octopode Wanderer)         Turns: 1272, Time: 00:03:07

Health: 0/23       AC:  1    Str: 12    XL:     3   Next: 22%
Magic:  5/5        EV: 13    Int: 14    God:    Ashenzari [......]
Gold:   20         SH:  0    Dex: 12    Spells: 4/5 levels left

rFire   . . .      SeeInvis .   a - +2 dagger (venom)
rCold   . . .      Faith    .   (no shield)
rNeg    . . .      Spirit   .   (helmet restricted)
rPois   +          Reflect  .   (no amulet)
rElec   .          Harm     .   e - ring "Astrological Fetters" {rPois, Bglg, Cun} (curse)
rCorr   .          Rampage  .   (no ring)
Will    .....                   (no ring)
Stlth   ++........              (no ring)
HPRegen 0.07/turn               (no ring)
MPRegen 0.09/turn               (no ring)
                                (no ring)
                                (no ring)

@: no status effects
A: almost no armour, amphibious, 8 rings, camouflage 1, gelatinous body 1,
(nimble swimmer 1), tentacles
a: Renounce Religion, Shatter the Chains


You were on level 1 of the Dungeon.
You worshipped Ashenzari.
Ashenzari was noncommittal.
You visited 1 branch of the dungeon, and saw 2 of its levels.

You collected 20 gold pieces.

Inventory:

Hand Weapons
 a - a +2 dagger of venom (weapon)
Missiles
 k - 4 curare-tipped darts
Armour
 j - a +0 kite shield
Jewellery
 e - the cursed ring "Astrological Fetters" (left tentacle) {rPois, Bglg, Cun}
   (You found it on level 1 of the Dungeon)

   [ring of poison resistance]

   rPois:     It protects you from poison.
   It has a curse which improves the following skills: Beguiling: Conjurations,
   Hexes and Translocations.
   Cunning:   Dodging and Stealth.
Wands
 b - a wand of polymorph (6)
Scrolls
 c - 2 scrolls of teleportation
 i - a scroll of amnesia {unknown}
 m - a scroll of enchant armour {unknown}
Potions
 d - a potion of magic
 f - 2 potions of curing {unknown}
 g - 2 potions of lignification {unknown}
 h - 3 potions of haste {unknown}
 l - a potion of flight {unknown}


   Skills:
 + Level 1.1 Fighting
 - Level 2.0 Short Blades
 + Level 1.6(2.0) Dodging
 + Level 1.6 Spellcasting
 + Level 3.3 Air Magic
 - Level 3.2 Evocations


You had 4 spell levels left.
You knew the following spells:

 Your Spells              Type           Power      Damage    Failure   Level
a - Shock                 Conj/Air       20%        1d4       12%         1

Your spell library contained the following spells:

 Spells                   Type           Power      Damage    Failure   Level
 Poisonous Vapours        Pois/Air       10%        N/A       19%         2
 Airstrike                Air            5%         N/A       52%         4


Dungeon Overview and Level Annotations

Branches:
Dungeon (2/15)

Altars:
Ashenzari

Annotations:
D:2 Robin


Innate Abilities, Weirdness & Mutations

You cannot wear most types of armour.
You are amphibious.
You can wear up to eight rings at the same time.
Your skin changes colour to match your surroundings (Stealth+).
Your rubbery body absorbs attacks. (AC +1, EV +1)
((You are camouflaged when in or above water. (Stealth+)))
You have tentacles for arms and can constrict up to eight enemies at once.


Message History

A goblin comes into view. It is wielding a +1 vampiric dagger.
A bat comes into view.
The bat moves out of view.
m - a scroll labelled COOCACS PAKK
There are no items here.
A goblin comes into view. It is wielding a +0 club.
A goblin comes into view. It is wielding a +0 club.
The goblin shouts!
You hear a shout!
The goblin shouts!
The bat hits you but does no damage.
A goblin comes into view. It is wielding a +0 dagger.
The bat hits you.
The goblin shouts!
You hit the bat.
You kill the bat!
A goblin comes into view. It is wielding a +0 dagger.
The goblin shouts!
Robin of the Strong Arm comes into view.
They are wielding a +0 short sword and wearing the -1 helmet of Abstinence {rCorr MP+9 Int-2}.
The goblin attacks as you move away! The goblin closely misses you.
The goblin attacks as you move away! The goblin completely misses you.
The goblin hits you with a +1 vampiric dagger.
A hobgoblin comes into view.
The goblin attacks as you move away!
The goblin hits you with a +1 vampiric dagger.
Robin roars a battlecry!
The goblins go into a battle-frenzy!
The goblin attacks as you move away!
The goblin hits you with a +1 vampiric dagger.
There is a stone staircase leading up here.
You see here a bat skeleton.
You can't go down here!
The goblin hits you with a +1 vampiric dagger.
The goblin misses you.
You climb upwards.
There is a stone staircase leading down here.
The goblin hits you with a +0 club. The goblin hits you with a +0 club.
* * * LOW HITPOINT WARNING * * *
It was a potion of magic.
Magic courses through your body. The goblin hits you with a +0 club.
You die...

#.............##....≈≈
#.###########≈≈..≈.≈#≈ #.#
####≈+.≈≈≈≈#≈ #.#
#....+≈≈.._#≈ #.#
####.##.+.≈≈≈≈≈. ######.###
#.......#....≈#≈ #........#
#......≈##≈≈≈.##
#....)...###........≈###≈≈#
#^.....>gg@.........≈.≈#≈8≈
#........###.......#...###≈
#........# #...[...#.#≈≈≈.≈
###.##.### #.......#.##)...
#.##.# ####.####.##.##.
#.##.# #.....[..)).. #..#.#
#####..##.>##
######.#.##### #.###).#
#............# #.# #..#


You could see 2 goblins.

Vanquished Creatures
  2 dart slugs (D:1)
  3 ball pythons (D:1)
  An endoplasm (D:1)
  A giant cockroach (D:1)
  7 goblins
  2 quokkas (D:1)
  3 bats
  A frilled lizard (D:1)
  2 kobolds (D:1)
  3 rats
  A spectral kobold (D:1)
26 creatures vanquished.

Notes
Turn   | Place    | Note
-------+----------+-------------------------------------------
     0 | D:1      | omnomnOMINOUS the Octopode Wanderer began the quest for the
                  | Orb.
     0 | D:1      | omnomnOMINOUS set off with the following items: a +0 short
                  | sword, a wand of polymorph (6), a scroll of teleportation;
                  | and the following spell memorised: Shock; and the following
                  | spells available to memorise: Poisonous Vapours, Airstrike.
     0 | D:1      | Reached XP level 1. HP: 11/11 MP: 2/2
   172 | D:1      | Reached XP level 2. HP: 9/18 MP: 3/3
   343 | D:1      | Found a faded altar of an unknown god.
   369 | D:1      | Prayed at the altar of an unknown god.
   369 | D:1      | Became a worshipper of Ashenzari the Shackled
   938 | D:2      | Reached skill level 1 in Fighting
   958 | D:1      | Reached XP level 3. HP: 14/23 MP: 5/5
  1216 | D:2      | Found a broken altar of Ashenzari.
  1256 | D:2      | Identified the -1 helmet of Abstinence {rCorr MP+9 Int-2}
  1256 | D:2      | Noticed Robin
  1270 | D:1      | HP: 1/23 [goblin/+0 club[Robin] (6)]
  1272 | D:1      | Slain by a goblin

Illustrated notes

Levels and vault maps discovered:
D:1:      dpeg_arrival_pits, layout_loops_ring,
          dreamdust_ecumenical_altar_drowned_temple
D:2:      minmay_spotlight, layout_basic, basic_altar, uniq_robin

Skill      XL: |  1  2 |
---------------+-------+-----
Fighting       | 1 |  1.1
Short Blades   | |  2.0
Dodging        | |  1.6
Spellcasting   | |  1.6
Air Magic      | |  3.3
Evocations     | |  3.2

Action                   || total
-------------------------++-------
Melee: Short sword       ||    11
       Dagger            ||    39
       Constrict         ||    15
       Tentacles         ||    14
       Punch             ||     1
Invok: Curse Item        ||     1
  Use: Potion            ||     1
 Stab: Sleeping          ||     3
Armor: Skin              ||     6
Dodge: Dodged            ||    26

Table legend: (Time is in decaauts)
 A = Elapsed time spent in this place.
 B = Non-inter-level travel time spent in this place.
 C = Inter-level travel time spent in this place.
 D = Time resting spent in this place.
 E = Time spent auto-exploring this place.
 F = Levels seen in this place.
 G = Mean time per level.
                   A        B        C        D        E       F      G
               +--------+--------+--------+--------+--------+-----+--------+
         Total |   1269 |   1248 |     21 |    222 |    798 |   2 |  634.5 |
       Dungeon |   1269 |   1248 |     21 |    222 |    798 |   2 |  634.5 |
               +--------+--------+--------+--------+--------+-----+--------+

Top non-repeatable levels by time:
     D:1: 1065 daAuts
     D:2: 204 daAuts
